[Event "Early-Titled-Tuesday-Blitz-June-18-2024"]
[Site "Chess.com"]
[Date "2024.06.18"]
[Round "11"]
[White "Erdnya15"]
[Black "karinachess1"]
[Result "1-0"]
[WhiteElo "2546"]
[BlackElo "2650"]
[TimeControl "180+1"]
[EndTime "10:09:26 PDT"]
[Termination "Erdnya15 won by resignation"]

1. e4 e5 2. Nf3 Nc6 3. Bc4 Nf6 4. Ng5 d5 5. exd5 Na5 6. Bb5+ c6 7. dxc6 bxc6 8.
Be2 Be7 9. d3 O-O 10. Nc3 h6 11.
Nf3 Bd6 12. O-O Nb7 13. Nd2 Bc7 14. Bf3 Bd7 15. Nc4 Re8 16. Re1 Nc5 17. Be3 Ne6 18.
Ne4 Nd5 19. Ned6 Rf8 20. Nf5 Nef4 21. Ng3 Re8 22. Bg4 g6 23. Bxd7 Qxd7 24. Ne4 Kg7 25.
Bxf4 Nxf4 26. Qf3 h5 27. g3 Nd5 28. h4 Re7 29. Nc5 Qh3 30. Qg2 Qg4 31. Nb3 Rae8 32.
Ne3 Qd7 33. Nc5 Qd8 34. Ne4 Bb6 35. Nc4 Bc7 36. Re2 Nb4 37. a3 Nd5 38. Rae1 Qc8 39. Ng5 f6 40. Ne4 Qg4 41. Ne3 Qd7 42. Qf3 Rf8 43.
Nc5 Qd8 44. Nc4 Bb6 45. b4 Nc3 46. Re3 Bxc5 47. bxc5 Qd5 48. d4 e4 49. Rxc3 exf3 50. Rxe7+ Rf7 51. Rxf7+ Qxf7 52. Nd6 Qd5 53. Rd3 g5 54. hxg5 fxg5 55. c4 Qe6 56. Rxf3 Qe1+ 57. Kg2 Qd2 58. Re3 h4 59. gxh4 gxh4 60. Re4 Qg5+ 61. Kh3 Qg6 62. Rg4 Qxg4+ 63. Kxg4 a5 64. Kxh4 Kf6 65. Kg4 Ke7 66. Kf5 Kd7 67. Kf6 a4 68.
Kf7 Kc7 69. Ke7 Kb8 70. Kd7 Ka7 71. f4 Ka6 72. f5 Ka5 73. f6 Ka6 74. f7 Ka7 75.
f8=N 1-0

[Event "Early-Titled-Tuesday-Blitz-June-18-2024"]
[Site "Chess.com"]
[Date "2024.06.18"]
[Round "11"]
[White "FGHSMN"]
[Black "Stanbad1"]
[Result "1/2-1/2"]
[WhiteElo "2895"]
[BlackElo "2726"]
[TimeControl "180+1"]
[EndTime "10:09:31 PDT"]
[Termination "Game drawn by repetition"]

1. b3 Nf6 2. Bb2 g6 3. Nf3 Bg7 4. g3 d6 5. d4 O-O 6. Bg2 c5 7. d5 b5 8. O-O Bb7 9. Nfd2 Nbd7 10. e4 Rc8 11. a4 a6 12. axb5 axb5 13. c4 Qb6 14. Nc3 b4 15. Ne2 Ra8 16. Qc2 Qc7 17. h3 Rfc8 18. Nf4 Ne5 19. Nd3 Nxd3 20. Qxd3 Nxe4 21.
Bxg7 Nxd2 22. Qxd2 Kxg7 23. Qb2+ Kg8 24. Rae1 Re8 25. h4 e5 26. dxe6 Rxe6 27. Bxb7 Qxb7 28. h5 gxh5 29. Rxe6 fxe6 30. Qf6 Qf7 31. Qg5+ Qg6 32. Qe7 e5 33. Rd1 Rf8 34. Qxd6 Qxd6 35. Rxd6 Rf3 36.
Rd5 Rxb3 37. Rxe5 Rc3 38. Rxc5 b3 39. Kg2 h4 40. gxh4 b2 41. Rb5 Rxc4 42. Kg3 Rc2 43. f4 Kg7 44. Kg4 Kg8 45. Rb7 Kf8 46. Kg5 Ke8 47.
f5 Kf8 48. h5 Ke8 49. Kh6 Rh2 50. Kg5 Rg2+ 51. Kf6 Rh2 52. Rb8+ Kd7 53. Kg7 Rg2+ 54. Kxh7 Ke7 55. h6 Kf7 56. Rb7+ Kf6 57. Rb5 Rh2 58.
Rb6+ Kf7 59. Rb7+ Kf6 60. Rb8 Kf7 61. Rb6 Rf2 62. Kh8 Rc2 63. Rb7+ Kf6 64. Rb6+ Kf7 65. Kh7 Rh2 66. f6 Rd2 67. Rb5 Kxf6 68. Rb6+ Kf7 69.
Rb7+ Kf8 70. Rb6 Kf7 71. Kh8 Rc2 72. Kh7 Rd2 1/2-1/2

[Event "Early-Titled-Tuesday-Blitz-June-18-2024"]
[Site "Chess.com"]
[Date "2024.06.18"]
[Round "11"]
[White "Journey_to_GrandMaster_YT"]
[Black "sokidze"]
[Result "0-1"]
[WhiteElo "2633"]
[BlackElo "2778"]
[TimeControl "180+1"]
[EndTime "10:09:34 PDT"]
[Termination "sokidze won by resignation"]

1. Nf3 d5 2. d4 Nf6 3. c4 e6 4.
Nc3 a6 5. cxd5 exd5 6. Bg5 Be6 7. e3 Nbd7 8. Bd3 Bd6 9. O-O c6 10. Qc2 Qc7 11. Rab1 Bg4 12. Nd2 h6 13. Bxf6 Nxf6 14.
h3 Bd7 15. e4 dxe4 16. Ndxe4 Nxe4 17. Nxe4 O-O 18. Rfe1 Be6 19. Nc5 Bd5 20. Bc4 Rfe8 21. Bxd5 cxd5 22. Qd2 Bxc5 23. Rec1 Re4 24. Rxc5 Qd6 25.
Rbc1 Rae8 26. Rc8 g6 27. Rxe8+ Rxe8 28. Re1 Rc8 29. Rc1 Rd8 30. g3 Qe6 31. Kh2 Re8 32.
Rc2 Qf6 33. Rc3 Re4 34. Rd3 h5 35. h4 Kg7 36. Kg2 b6 37. Qg5 Qd6 38. a3 a5 39.
Kh2 Re2 40. Kg2 Rxb2 41. Re3 Qf6 42. Qxf6+ Kxf6 43. Re5 Rb5 44. a4 Rb4 45. Rxd5 Rxa4 46. Rd6+ Ke7 47. Rxb6 Rxd4 48. Ra6 a4 49. Kf3 Rb4 50. Ke3 Rb3+ 51. Kf4 a3 52. f3 Rb4+ 53.
Kg5 Rb3 54. Kf4 Kd7 55. Ra7+ Kc6 56. Rxf7 Rb4+ 57. Kg5 Ra4 58. Rf8 a2 59. Rc8+ Kd7 60. Rc1 a1=Q 61. Rxa1 Rxa1 62. Kxg6 Ke7 63. g4 hxg4 64.
fxg4 Kf8 65. h5 Ra6+ 66. Kh7 Ra7+ 67. Kh6 Kg8 68. g5 Rb7 69. g6 Rb5 70. g7 Rb6+ 71.
Kg5 Kxg7 72. h6+ Rxh6 73. Kf5 Rh5+ 74. Kf4 Kf6 75. Kf3 Kf5 0-1

[Event "Early-Titled-Tuesday-Blitz-June-18-2024"]
[Site "Chess.com"]
[Date "2024.06.18"]
[Round "11"]
[White "Vaathi_Coming"]
[Black "TigrVShlyape"]
[Result "1/2-1/2"]
[WhiteElo "2921"]
[BlackElo "3003"]
[TimeControl "180+1"]
[EndTime "10:10:02 PDT"]
[Termination "Game drawn by repetition"]

1. g3 d5 2. Bg2 Nf6 3. d3 c6 4.
Nf3 Bg4 5. O-O Nbd7 6. h3 Bh5 7. Qe1 e5 8. e4 dxe4 9. dxe4 Bc5 10. a4 a5 11.
Nbd2 O-O 12. Nb3 Bb4 13. c3 Be7 14. Nfd2 Re8 15. Nc4 Bf8 16. Be3 Bg6 17. f3 Qc7 18. Qf2 Ra6 19. Rfd1 b5 20. axb5 cxb5 21. Rxa5 Qxc4 22.
Rxa6 Qxb3 23. Rd2 b4 24. Ra7 bxc3 25. bxc3 Nb8 26. Rb2 Qxc3 27. Ra8 Nbd7 28. Rxe8 Nxe8 29. Rc2 Qb3 30. h4 Nef6 31. Rc8 Bxe4 32. Bc5 Bb7 33. Rd8 Qc3 34. Bxf8 Nxf8 35. Qb6 Qc6 36. Qb4 Nd7 37.
Qe7 Qc5+ 38. Qxc5 Nxc5 39. Kf2 Ne6 40. Rb8 Bc6 41. Bf1 g6 42. Ke3 Kg7 43. Bc4 h5 44. Rb6 Bd7 45. Rb7 Kf6 46. Ra7 Nd4 47. Ra6+ Nfe6 48.
Bd5 Nf5+ 49. Kf2 Ke7 50. Ra7 Kd6 51. Bc4 Nfd4 52. Ra6+ Nc6 53. Ra8 Ke7 54. Ra6 Ned4 55. Ra8 Nf5 56. Bd3 Nd6 57. Bc2 f5 58. Bd1 Be6 59. Ra6 Bd5 60. Ra3 Nd4 61. Ra5 Ke6 62. Ra7 e4 63. f4 Nc4 64. Ra6+ Kf7 65. Ra7+ Kf6 66. Rd7 Ke6 67. Rg7 e3+ 68. Ke1 Kf6 69. Rd7 Ke6 70. Rg7 Nb2 71. Be2 Nxe2 72. Kxe2 Nc4 73.
Rxg6+ Ke7 74. Rg5 Kf6 75. Rxh5 Be4 76. Rh6+ Kg7 77. Ra6 Bd5 78. h5 Kh7 79. Rf6 Be4 80. Re6 Bd5 81. Rg6 Be4 82. Ra6 Bd5 83. Rf6 Be4 84.
Rg6 Bd5 85. Rg5 Be4 86. Rg6 Bd5 87. Rf6 1/2-1/2

[Event "Early-Titled-Tuesday-Blitz-June-18-2024"]
[Site "Chess.com"]
[Date "2024.06.18"]
[Round "11"]
[White "Rud_Makarian"]
[Black "Shield12"]
[Result "1-0"]
[WhiteElo "3064"]
[BlackElo "2904"]
[TimeControl "180+1"]
[EndTime "10:10:05 PDT"]
[Termination "Rud_Makarian won on time"]

1. c4 e5 2. Nc3 Nf6 3. Nf3 Nc6 4. e3 Bb4 5. Qc2 Bxc3 6. Qxc3 Qe7 7. a3 a5 8. b3 O-O 9. Bb2 Re8 10. d3 d5 11.
cxd5 Nxd5 12. Qc2 Bg4 13. Be2 Rad8 14. O-O Nb6 15. Rac1 Bf5 16. Rfd1 h6 17. Nd2 Nd5 18.
Ne4 Nf6 19. Nc5 Bc8 20. Bf3 Rd6 21. Qc4 b6 22. Ne4 Nxe4 23. Bxe4 Bd7 24. b4 Rc8 25. b5 Nd8 26. a4 c5 27. bxc6 Nxc6 28. Qb5 Qd8 29.
Qb3 Be6 30. Qa3 Bd5 31. Bf5 Rc7 32. h3 h5 33. Qa1 g6 34. Be4 Bxe4 35. dxe4 Rxd1+ 36. Rxd1 Rd7 37. Rc1 Rd6 38. Kh2 Qf6 39. Rc2 Qe6 40.
Qc1 h4 41. Ba3 Nb4 42. Bxb4 axb4 43. Rb2 Rc6 44. Qd2 Rc4 45. Rxb4 Rxb4 46. Qxb4 Qf6 47. Kg1 Kg7 48. Qb5 Qd6 49. Qd5 Qe7 50. Kf1 Qc7 51.
Kg1 Qc1+ 52. Kh2 Qc7 53. Qb5 Qd6 54. Qc4 Qf6 55. Kg1 Qd6 56. Qc3 Kg8 57. Kh2 Kf8 58. f4 exf4 59. Qh8+ Ke7 60. Qxh4+ Kd7 61. Qxf4 Qe6 62.
Kg3 Kc6 63. Qg4 Qe5+ 64. Qf4 Qe6 65. h4 Kc5 66. e5 Kc6 67. Qd4 Qf5 68. Qd6+ Kb7 69.
Qf6 Qd7 70. e6 Qd6+ 71. Kh3 fxe6 72. Qxg6 Qe5 73. Qd3 Qf6 74. Qe4+ 1-0

[Event "Early-Titled-Tuesday-Blitz-June-18-2024"]
[Site "Chess.com"]
[Date "2024.06.18"]
[Round "11"]
[White "N_I_Chess"]
[Black "Kotofeyca"]
[Result "1/2-1/2"]
[WhiteElo "2336"]
[BlackElo "2462"]
[TimeControl "180+1"]
[EndTime "10:10:18 PDT"]
[Termination "Game drawn by stalemate"]

1. d4 d5 2. c4 c6 3. cxd5 cxd5 4. Bg5 h6 5. Bh4 Qb6 6. Qd2 Bf5 7. Nc3 e6 8. e3 Be7 9. Bxe7 Nxe7 10. Nf3 Nbc6 11. Bd3 O-O 12. Bxf5 Nxf5 13. O-O Nd6 14. b3 Rfc8 15.
Rfc1 Qa5 16. a3 Qd8 17. Qb2 Na5 18. Ne5 Rc7 19. Na4 Rac8 20. Nc5 b6 21. Ncd3 f6 22.
Nf3 Rxc1+ 23. Rxc1 Rxc1+ 24. Nxc1 Qc7 25. Nd2 Ne4 26.
Nxe4 dxe4 27. Kf1 Qxh2 28. Ne2 Qh1+ 29. Ng1 Qh5 30. Qc2 Qd5 31. b4 Qc4+ 32. Qxc4 Nxc4 33.
a4 Nb2 34. a5 bxa5 35. bxa5 a6 36. Ne2 Nc4 37. Nc3 f5 38. Na4 Nxa5 39. Nc5 Nc4 40.
Nxa6 Kf7 41. Ke2 Kf6 42. Nc5 h5 43. Nd7+ Ke7 44. Nc5 Nd6 45. Nb3 h4 46. Na5 Nb5 47. Nc6+ Kf6 48. Ne5 Nc3+ 49. Kf1 Nd5 50. Kg1 Ne7 51.
Nd7+ Kf7 52. Ne5+ Ke8 53. Kh2 g5 54. g3 hxg3+ 55. Kxg3 Nd5 56. Ng6 Kf7 57. Ne5+ Kf6 58. Nd7+ Ke7 59. Ne5 Nf6 60. Ng6+ Kd7 61. Ne5+ Kd6 62.
Nf7+ Ke7 63. Nxg5 Nd7 64. Kf4 Kf6 65. Nh7+ Kg6 66. Ng5 Kf6 67. Nh3 Nf8 68. Kg3 Ng6 69.
Nf4 Nxf4 70. Kxf4 Kf7 71. Ke5 Ke7 72. d5 exd5 73. Kxd5 Kf6 74. Kd6 f4 75. Kd5 Kf5 76. Kd4 fxe3 77. fxe3 Kf6 78. Kxe4 Ke6 79. Kd4 Kd6 80.
e4 Ke6 81. Ke3 Ke5 82. Kf3 Ke6 83. Kf4 Kf6 84. e5+ Ke6 85. Ke4 Ke7 86. Kd5 Kd7 87. Kd4 Ke6 88. Ke4 Ke7 89. Kf5 Kf7 90. e6+ Ke7 91. Ke5 Ke8 92. Kd5 Ke7 93. Ke5 Ke8 94. Kf6 Kf8 95. e7+ Ke8 96. Ke6 1/2-1/2

[Event "Early-Titled-Tuesday-Blitz-June-18-2024"]
[Site "Chess.com"]
[Date "2024.06.18"]
[Round "11"]
[White "gafkens"]
[Black "arctic_t00"]
[Result "0-1"]
[WhiteElo "2616"]
[BlackElo "2727"]
[TimeControl "180+1"]
[EndTime "10:10:43 PDT"]
[Termination "arctic_t00 won on time"]

1. e4 e5 2. Nf3 Nc6 3. d4 exd4 4. Nxd4 Bc5 5. Nb3 Bb6 6. Nc3 d6 7. Qe2 a5 8. a4 Nb4 9. Nd5 Nxd5 10. exd5+ Ne7 11.
Bg5 f6 12. Be3 Bxe3 13. Qxe3 O-O 14. Qf3 Qe8 15. Be2 Qf7 16. O-O Nxd5 17. Bc4 c6 18.
Rad1 Kh8 19. Bxd5 cxd5 20. Rxd5 Bg4 21. Qe4 Rfe8 22. Qd4 Qg6 23. Rxd6 Bf3 24. g3 Qxc2 25.
Nd2 Bc6 26. Nc4 Qf5 27. Rxc6 bxc6 28. Nd6 Qd7 29. Rd1 Rf8 30. Qc4 Qc7 31. Rd2 h6 32.
Kg2 Rab8 33. h4 Rb4 34. Qc5 Rg8 35. h5 Rxa4 36. Nf5 Rb4 37. Ne7 Re8 38. Ng6+ Kh7 39. Qf5 Kg8 40. Qc5 Rb5 41. Qc4+ Qf7 42. Qd3 Qd5+ 43. Kh2 Qxd3 44. Rxd3 Rd5 45. Ra3 Ra8 46. Rc3 Kf7 47. Rxc6 Rd7 48. Nf4 a4 49. Rc2 a3 50.
bxa3 Rxa3 51. Kg2 Ra8 52. Re2 Re8 53. Ra2 Red8 54. Ra5 Rd4 55. Ra6 R8d7 56. Ra5 Re4 57. Ng6 Red4 58. Nf4 Re4 59. Rb5 Re5 60. Rb6 Ke8 61.
Rb8+ Kf7 62. Rb6 Rc5 63. Rb4 Re5 64. Rc4 Rb5 65. Rc2 Ra5 66. Re2 Ra4 67. Rb2 Rad4 68. Ng6 R4d5 69. Nf4 Rf5 70. Re2 Rxf4 71. gxf4 Rd5 72.
Kg3 Rxh5 73. Ra2 Rd5 74. Ra7+ Kg6 75. Rb7 h5 76. f3 Rd3 77. Ra7 Rc3 78. f5+ Kh6 79.
Rd7 Rc5 80. Kf4 Ra5 81. Rc7 Ra4+ 82. Kg3 h4+ 83. Kh3 Rf4 84. Rd7 Rxf5 85. Kg4 Rh5 86.
Kh3 g5 87. Kg4 Kg6 88. Rd6 Rh7 89. f4 gxf4 90. Kxf4 h3 91. Rd1 h2 92. Rh1 f5 93. Kg3 Kg5 94. Kf3 Rh3+ 95. Kg2 Rh4 96. Kg3 f4+ 97. Kf3 Kf5 98. Kg2 Rg4+ 99. Kf3 Rg3+ 100.
Kf2 Rh3 101. Kg2 Kg4 102. Kf2 Rh4 103. Kg2 f3+ 104. Kf2 Kf4 0-1

[Event "Early-Titled-Tuesday-Blitz-June-18-2024"]
[Site "Chess.com"]
[Date "2024.06.18"]
[Round "11"]
[White "LeRoidesChampions"]
[Black "Lestofante90"]
[Result "1-0"]
[WhiteElo "2683"]
[BlackElo "2930"]
[TimeControl "180+1"]
[EndTime "10:10:45 PDT"]
[Termination "LeRoidesChampions won on time"]

1. d4 Nf6 2. Nf3 g6 3. g3 Bg7 4. Bg2 O-O 5. O-O d6 6. c4 Nbd7 7. Nc3 e5 8. dxe5 dxe5 9. Nd2 h6 10. b3 Re8 11. Bb2 Nf8 12. Nde4 Nxe4 13. Nxe4 Ne6 14.
Qxd8 Rxd8 15. Rad1 Bd7 16. Nc3 Rab8 17. Rd2 Be8 18. Rfd1 Rxd2 19. Rxd2 f5 20. e3 e4 21.
h4 c6 22. Ne2 Bxb2 23. Rxb2 Rd8 24. Bf1 g5 25. hxg5 hxg5 26. Nc3 Bh5 27. Be2 Bxe2 28.
Nxe2 Rd1+ 29. Kg2 g4 30. Nc3 Rc1 31. Ne2 Re1 32. Nc3 Ng5 33. Rb1 Rxb1 34. Nxb1 Kf7 35. Kf1 Ke6 36. Ke2 b5 37. cxb5 cxb5 38. Nc3 a6 39. a4 b4 40. Nb1 Kd5 41. Nd2 Nf7 42.
Nc4 Nd8 43. Kd2 Ne6 44. Nb6+ Kc6 45. Nc8 Kd7 46. Nb6+ Kd6 47. Nc8+ Ke5 48. Ne7 Nc5 49. Nc6+ Kd6 50. Nxb4 Nxb3+ 51. Kc3 Nc5 52. a5 Ke5 53. Kc4 Nb7 54. Nxa6 Nxa5+ 55. Kc3 Nc6 56. Nc5 Ne7 57. Kd2 Nd5 58. Nd7+ Kd6 59. Nf8 Nb6 60. Ng6 Nc4+ 61. Kc3 Kc5 62. Ne7 Nd6 63. Kb3 Kb5 64.
Kb2 Kc4 65. Kc2 Kb4 66. Nc6+ Kc5 67. Nd4 Kc4 68. Nc6 Kd5 69. Na5 Nf7 70. Kd2 Ne5 71. Nb3 Nd3 72. Ke2 Ke5 73. Nd4 Nc5 74. Nc6+ Kf6 75. Kd2 Nd7 76. Nb4 Nf8 77. Kc3 Ng6 78.
Kd4 Ne5 79. Nd5+ Ke6 80. Nf4+ Kd6 81. Kc3 Nf3 82. Ng2 Ng5 83. Kd2 Ke5 84. Nf4 Nh3 85.
Ke2 Ng1+ 86. Kf1 Nf3 87. Ke2 Ng5 88. Ng6+ Kd6 89. Kd2 Nf7 90. Kc3 Ke6 91. Kd4 Ng5 92. Nf4+ Kf6 93. Nd5+ Ke6 94. Nc7+ Kd6 95. Nb5+ Ke6 96.
Nc7+ Kd7 97. Nb5 Nh3 98. Ke5 Nxf2 99. Kxf5 Kc6 100. Nc3 Nh1 101. Nxe4 Kd5 102. Kf4 1-0